 Dungeon Sprint DCSS version 0.28.0-53-g5a82cb258f (webtiles) character file.

Game seed: 1631691989722618959

210 Zeld the Cleaver (level 5, -1/84 HPs)
             Began as a Minotaur Berserker on May 25, 2022.
             Was a Believer of Trog.
             Slain by a killer bee (9 damage)
             ... in the Dungeon (Sprint IV: "Fedhas' Mad Dash").
             The game lasted 00:00:33 (616 turns).

Zeld the Cleaver (Minotaur Berserker)                Turns: 616, Time: 00:00:33

Health: -1/84      AC:  2    Str: 24    XL:     5   Next: 57%
Magic:  4/4        EV: 13    Int:  4    God:    Trog [**....]
Gold:   50         SH:  0    Dex:  9    Spells: 4/4 levels left

rFire   . . .      SeeInvis .   a - +0 hand axe
rCold   . . .      Faith    .   (no shield)
rNeg    . . .      Spirit   .   b - +0 animal skin
rPois   .          Reflect  .   (helmet restricted)
rElec   .          Harm     .   (no cloak)
rCorr   .          Rampage  .   (no gloves)
Will    .....      NoTele   +   (no boots)
Stlth   ..........              i - amulet of invisibility {+Inv}
HPRegen 0.24/turn               (no ring)
MPRegen 0.09/turn               (no ring)

@: berserking, lethally poisoned (-1 -> -13), very quick
A: horns 2, retaliatory headbutt
a: Renounce Religion, Evoke Invisibility, Berserk, Trog's Hand


You were in the Dungeon.
You worshipped Trog.
Trog was pleased with you.
You visited 1 branch You collected 50 gold pieces.

Inventory:

Hand Weapons
 a - a +0 hand axe (weapon)
Armour
 b - a +0 animal skin (worn)
Jewellery
 i - the amulet of invisibility (around neck) {+Inv}
   (You found it in the Dungeon)

   [amulet of nothing]

   +Inv:      It lets you turn invisible.
Scrolls
 h - a scroll of blinking
Potions
 c - a potion of curing
 d - a potion of heal wounds
 e - a potion of haste
 f - 2 potions of magic
 g - a potion of berserk rage


   Skills:
 * Level 8.8 Fighting
 * Level 8.8 Axes
 + Level 6.0 Armour
 + Level 5.7 Dodging


You had 4 spell levels left.
You didn't know any spells.
Your spell library was empty.

Dungeon Overview and Level Annotations

Branches:
Dungeon (1/1)

Altars:


Innate Abilities, Weirdness & Mutations

You have a pair of horns on your head.
You reflexively headbutt those who attack you in melee.


Message History

Unknown command.
A red film seems to cover your vision as you go berserk!
You feel yourself moving faster!
You feel mighty!
You feel very sick. The killer bee stings you. The killer bee misses you.
The killer bee stings you!
* * * LOW HITPOINT WARNING * * *
The killer bee barely misses you. The killer bee misses you.
The killer bee stings you.
* * * LOW HITPOINT WARNING * * *
You are too injured to fight recklessly!
You are too injured to fight recklessly!
You slash the killer bee!
You feel the power of Trog in you as your rage grows.
You kill the killer bee!
Trog accepts your kill.
You barely miss the killer bee. You slash the killer bee!
You kill the killer bee!
Trog accepts your kill.
You feel sick. The killer bee stings you.
* * * LOW HITPOINT WARNING * * *
The killer bee stings you.
* * * LOW HITPOINT WARNING * * *
Your Fighting skill increases to level 8!
Your Axes skill increases to level 8!
Your Armour skill increases to level 6!
Your Dodging skill increases to level 5!
You have reached level 5!
You miss the killer bee. Your headbutt misses the killer bee.
The killer bee is heavily wounded.
You miss the killer bee.
You feel sick.
The killer bee stings you but does no damage.
The killer bee stings you.
* * * LOW HITPOINT WARNING * * *
You are lethally poisoned!
The killer bee poisons you!
You closely miss the queen bee. You slash the killer bee!
You miss the killer bee.
* * * LOW HITPOINT WARNING * * *
You feel sick. The killer bee stings you!
You die...

##################
#<...#.....#.....#
#P...'.)...'.#[(.+
#PPPP#.....#.#...#
###############'##
♣.....y@.'...#
y.y...♣..yy.#...#
.....♣..♣..######
#+## #+#####


You could see a queen bee and 2 killer bees.

Vanquished Creatures
  A scorpion (D)
  2 killer bees (D)
  2 oklob saplings (D)
  A river rat (D)
  A rat (D)
7 creatures vanquished.

Vanquished Creatures (others)
  2 fungi (D)
2 creatures vanquished.

Grand Total: 9 creatures vanquished

Notes
Turn   | Place    | Note
-------+----------+-------------------------------------------
     0 | D        | Zeld the Minotaur Berserker began the quest for the Orb.
     0 | D        | Reached XP level 1. HP: 19/19 MP: 0/0
    10 | D        | Reached XP level 2. HP: 28/28 MP: 1/1
   160 | D        | Noticed an oklob sapling
   163 | D        | Killed an oklob sapling
   163 | D        | Reached ** piety under Trog
   164 | D        | Reached skill level 5 in Fighting
   164 | D        | Reached skill level 5 in Axes
   164 | D        | Reached XP level 3. HP: 30/37 MP: 2/2
   399 | D        | Noticed a scorpion
   399 | D        | Found the amulet of invisibility {+Inv}
   404 | D        | Killed a scorpion
   405 | D        | Reached XP level 4. HP: 47/47 MP: 3/3
   540 | D        | Reached skill level 5 in Armour
   605 | D        | Noticed a queen bee
   615 | D        | Reached skill level 5 in Dodging
   615 | D        | Reached XP level 5. HP: 14/56 MP: 4/4
   616 | D        | Slain by a killer bee

Illustrated notes

Levels and vault maps discovered:
D:        dungeon_sprint_fedhas [sprint_temple]

Skill      XL: |  1  2  3  4 |
---------------+-------------+-----
Fighting       | 4 5 7 8 |  8.8
Axes           | 4 5 7 8 |  8.8
Armour         | 3 4 6 |  6.0
Dodging        | 3 4 5 |  5.7

Action                   |  1- 3 |  4- 6 || total
-------------------------+-------+-------++-------
Melee: Hand axe          |     7 |     7 ||    14
       Headbutt          |     3 |     2 ||     5
Invok: Berserk           |     3 |     2 ||     5
Armor: Animal skin       |       |     1 ||     1
Dodge: Dodged            |     3 |    14 ||    17
